 Dungeon Crawl Stone Soup version 0.29-a0-477-g62b78b4225 (webtiles) character file.

Game seed: 1914916019374983417

154 siradein the Skirmisher (level 5, -1/46 HPs)
             Began as a Ghoul Fighter on May 24, 2022.
             Killed by divine providence
             ... invoked by an orc priest
              (15 damage)
             ... on level 4 of the Dungeon.
             The game lasted 00:03:38 (3185 turns).

siradein the Skirmisher (Ghoul Fighter)             Turns: 3185, Time: 00:03:38

Health: -1/46      AC: 10    Str: 22    XL:     5   Next: 36%
Magic:  4/4        EV:  9    Int:  3    God:
Gold:   134        SH:  4    Dex:  8    Spells: 4/4 levels left

rFire   . . .      SeeInvis .     - Unarmed
rCold   + . .      Faith    .   b - +0 buckler
rNeg    + + +      Spirit   .   p - +2 scale mail {rN+}
rPois   ∞          Reflect  .   f - +0 helmet
rElec   .          Harm     .   (no cloak)
rCorr   .          Rampage  .   (no gloves)
Will    .....                   (no boots)
Stlth   ..........              (no amulet)
HPRegen 0.00/turn               (no ring)
MPRegen 0.09/turn               (no ring)

@: inhibited regen
A: claws 1, cold resistance 1, negative energy resistance 3, inhibited
regeneration, torment resistance 2, devour on kill
a: no special abilities


You were on level 4 of the Dungeon.
You visited 1 branch of the dungeon, and saw 4 of its levels.

You collected 134 gold pieces.

Inventory:

Missiles
 d - 122 stones (quivered)
 o - 5 boomerangs
Armour
 b - a +0 buckler (worn)
 f - a +0 helmet (worn)
 p - a +2 scale mail of positive energy (worn)
Scrolls
 a - 3 scrolls of noise {unknown}
 e - 2 scrolls of immolation {unknown}
 j - a scroll of acquirement {unknown}
 k - a scroll of vulnerability {unknown}
 n - a scroll of fog {unknown}
 q - 2 scrolls of brand weapon {unknown}
 u - a scroll of torment {unknown}
 w - a scroll of teleportation {unknown}
Potions
 c - a potion of might
 h - 2 potions of haste
 l - a potion of curing {unknown}
 r - a potion of brilliance {unknown}
 s - a potion of degeneration {unknown}
 t - a potion of ambrosia {unknown}
 v - a potion of heal wounds {unknown}


   Skills:
 + Level 4.2 Fighting
 + Level 3.5 Armour
 + Level 3.5 Shields
 + Level 3.4 Unarmed Combat


You had 4 spell levels left.
You didn't know any spells.
Your spell library was empty.

Dungeon Overview and Level Annotations

Branches:
Dungeon (4/15)
 Temple: D:4-7

Altars:
Cheibriados
Hepliaklqana


Innate Abilities, Weirdness & Mutations

You are immune to poison.
You have sharp fingernails.
Your flesh is cold resistant. (rC+)
You are immune to negative energy. (rN+++)
You do not regenerate when monsters are visible.
You are immune to unholy pain and torment.
You thrive by killing the living.


Message History

The orc priest is heavily wounded.
The orc priest hits you but does no damage.
You claw the orc!
The orc is almost dead.
You block the orc's attack.
You closely miss the orc.
The orc is almost dead.
The orc priest calls upon Beogh to heal the orc.
The orc is healed somewhat.
The orc barely misses you.
You claw the orc!
You kill the orc!
The orc priest looks satisfied for a moment.
You claw the orc!
You kill the orc!
You feel better. The orc priest completely misses you.
Things that are here:
a +0 hand axe; a +0 mace; an orc corpse You closely miss the orc priest.
The orc priest is heavily wounded.
The orc priest hits you but does no damage.
You barely miss the orc priest.
The orc priest is heavily wounded.
The orc priest closely misses you.
You scratch the orc priest but do no damage.
The orc priest is heavily wounded.
The orc priest hits you with a +0 flail.
You barely miss the orc priest.
The orc priest is heavily wounded.
The orc priest hits you with a +0 flail.
You barely miss the orc priest.
The orc priest is heavily wounded.
The orc priest hits you but does no damage.
The orc priest invokes the aid of Beogh against you.
Beogh smites you!
You scratch the orc priest.
The orc priest is almost dead.
The orc priest mumbles some strange prayers to Beogh against you.
Beogh smites you!
You die...

###...#.#
##.#.#.#.# #
....#...#.#
#####.#......
............ ..
..........#...#
#.....o.......
#@# #.# #.# #.#
#.#...##
#.#....# ....#
#.#....## ....#
#.#.....# ....#
#.#...#.# ....


You could see an orc priest.

Vanquished Creatures
  A hound (D:4)
  Jessica (D:3)
  2 adders
  A worm (D:3)
  4 dart slugs
  2 orcs (D:4)
  3 endoplasms
  3 giant cockroaches
  7 goblins
  7 hobgoblins
  6 jackals
  5 kobolds
  3 quokkas
  8 ball pythons
  3 bats (D:1)
  3 frilled lizards (D:2)
  9 rats
68 creatures vanquished.

Notes
Turn   | Place    | Note
-------+----------+-------------------------------------------
     0 | D:1      | siradein the Ghoul Fighter began the quest for the Orb.
     0 | D:1      | Reached XP level 1. HP: 19/19 MP: 0/0
   147 | D:1      | Reached XP level 2. HP: 26/26 MP: 1/1
   228 | D:1      | Found a faded altar of an unknown god.
   502 | D:1      | Reached XP level 3. HP: 23/31 MP: 2/2
  1700 | D:2      | Reached XP level 4. HP: 25/40 MP: 3/3
  2228 | D:3      | Found a hazy altar of Hepliaklqana.
  2474 | D:3      | Found a snail-covered altar of Cheibriados.
  2573 | D:3      | Noticed Jessica
  2582 | D:3      | Killed Jessica
  2583 | D:3      | Reached skill level 4 in Fighting
  2693 | D:3      | Reached XP level 5. HP: 34/46 MP: 4/4
  3185 | D:4      | Killed from afar by an orc priest

Illustrated notes

Levels and vault maps discovered:
D:1:      lightli_arrival_lavapool, layout_basic,
          shapermc_ecumenical_altar_totnotflames
D:2:      minmay_wonky_spiral, layout_loops_cross
D:3:      layout_loops_corners, kennysheep_slug_shrine, old_standard_altar,
          uniq_jessica
D:4:      cheibrodos_thug_alley, layout_basic

Skill      XL: |  1  2  3  4 |
---------------+-------------+-----
Shields        | 3 |  3.5
Armour         | 3 |  3.5
Unarmed Combat | 3 |  3.4
Fighting       | 4 |  4.2

Action                   |  1- 3 |  4- 6 || total
-------------------------+-------+-------++-------
Melee: Unarmed           |   147 |   106 ||   253
  Use: Scroll            |       |     3 ||     3
Armor: Scale mail        |    82 |    43 ||   125
Dodge: Dodged            |    85 |    23 ||   108
Block: Buckler           |    36 |    17 ||    53

Table legend: (Time is in decaauts)
 A = Elapsed time spent in this place.
 B = Non-inter-level travel time spent in this place.
 C = Inter-level travel time spent in this place.
 D = Time resting spent in this place.
 E = Time spent auto-exploring this place.
 F = Levels seen in this place.
 G = Mean time per level.
                   A        B        C        D        E       F      G
               +--------+--------+--------+--------+--------+-----+--------+
         Total |   3188 |   3084 |    104 |    176 |   2316 |   4 |  797.0 |
       Dungeon |   3188 |   3084 |    104 |    176 |   2316 |   4 |  797.0 |
               +--------+--------+--------+--------+--------+-----+--------+

Top non-repeatable levels by time:
     D:1: 1102 daAuts
     D:3: 1045 daAuts
     D:2: 904 daAuts
     D:4: 135 daAuts
